roguehack, chaotic female elven Rogue -------- ------ |<|>...---....| |.|-..........| |.||.``.|.....| |.||....|..%..| |.|------.----| |.| |....(.| |.------.u....| |........@....| |..-----.f....| ---- -------- roguehack the Rogue Experience level: 8 Strength: 17 Dexterity: 18 Constitution: 14 Intelligence: 13 Wisdom: 10 Charisma: 12 Health: 0(47) Energy: 46(46) Def: 10 Gold: 0 Moves: 6666 Dungeon seed: Tii0kJPHq1T-Lbgt Game ID: roguehack_1462805592 Your Inventory: Weapons a - an uncursed +0 elven dagger named Biter (weapon in hand) p - 12 uncursed +0 elven daggers named <<< (in quiver) u - an uncursed +0 short sword O - 15 uncursed +0 arrows P - an uncursed +0 bow Armor e - an uncursed +1 leather armor (being worn) n - an uncursed +0 cloak of displacement (being worn) q - an uncursed +0 orcish helm r - an uncursed +3 pair of iron shoes (being worn) v - an uncursed +0 orcish helm y - an uncursed +0 orcish helm z - a blessed +0 orcish chain mail Y - an uncursed +0 orcish helm (being worn) Comestibles j - 6 uncursed food rations o - an uncursed lembas wafer H - 4 uncursed eggs I - an uncursed tripe ration R - an uncursed cram ration W - 2 uncursed oranges X - an uncursed cherry Wands G - an uncursed wand of digging (0:5) N - an uncursed wand of locking (0:2) T - an uncursed wand of enlightenment (0:10) Tools g - an uncursed blindfold k - an uncursed skeleton key w - an uncursed magic whistle B - an uncursed bag of holding Contents of the bag of holding: 1948 gold pieces 5 uncursed +0 darts 12 uncursed poisoned +1 orcish arrows 10 uncursed poisoned +0 orcish arrows 3 uncursed food rations an uncursed fortune cookie 2 uncursed pancakes 2 uncursed sprigs of wolfsbane an uncursed tripe ration an uncursed scroll of confuse monster an uncursed scroll of enchant armor a blessed scroll of food detection an uncursed scroll of gold detection an uncursed scroll of light an uncursed scroll of magic mapping an uncursed scroll of punishment a blessed potion of extra healing an uncursed potion of restore ability an uncursed ring of levitation an uncursed ring of protection from shape changers an uncursed ring of shock resistance an uncursed sack named SOKOPRIZE Contents of the sack named SOKOPRIZE: an uncursed ring of polymorph control an uncursed ring of teleport control a cursed ring of teleportation Spells and supernatural/magical abilities: Name Level Category Fail Memory W - pray for help -- divine ? -- Your skills at the end: Miscellaneous Skills wands [Basic] Weapon Skills dagger [Expert] short sword [Basic] Spellcasting Skills Final Attributes: You were piously aligned. You were sleep resistant. You had infravision. You were displaced. You were stealthy. You are dead. Vanquished creatures: 2 giant mimics a leprechaun a spotted jelly a dog a blue jelly a wood nymph 11 Mordor orcs 4 Uruk-hai 2 orc shamans 3 rock moles a rock piercer a fog cloud 2 shriekers 2 violet fungi a gnomish wizard 2 red naga hatchlings a black naga hatchling an elf zombie a paper golem a giant ant a little dog a kitten a kobold lord a kobold shaman an iguana 2 hill orcs a monkey 2 orc zombies a dwarf zombie 5 killer bees 6 coyotes a gas spore 3 hobbits 8 acid blobs 4 large kobolds 8 geckos 2 hobgoblins 2 giant rats 2 cave spiders 4 brown molds 3 yellow molds 3 green molds 8 gnomes 11 manes a jackal 4 foxes 3 kobolds 13 newts 2 goblins 5 sewer rats 12 grid bugs 4 bats 12 lichens 2 kobold zombies 179 creatures vanquished. Voluntary challenges: You did not adorn yourself with jewelry or accessories. You were an atheist. You used a wielded weapon 209 times, starting on turn 40. You did not apply a unicorn horn. You read items or engraved 3 times, starting on turn 2128. You never genocided any monsters. You never polymorphed an object. You never changed form. You completed Sokoban on turn 6189, according to the rules. You used no wishes. You never split a pudding. You wrote Elbereth's name 3 times, starting on turn 2128. You never violated your personal moral code. Dungeon overview: The Dungeons of Doom: levels 1 to 8 Level 1 a long staircase Level 2 a general store, a fountain Level 3 a general store Level 4 a fountain a long staircase Level 5 Level 6 many fountains Level 7 stairs to Sokoban Level 8 Sokoban: levels 3 to 6 Level 3 a magic chest Level 4 Level 5 Level 6 <- You were here a magic chest stairs to The Dungeons of Doom History has recorded: On T:1 you entered the Dungeons of Doom to retrieve the Amulet of Yendor! On T:256 you reached level 2 of The Dungeons of Doom. On T:883 you advanced to experience level 2. On T:914 you reached level 3 of The Dungeons of Doom. On T:1064 you reached level 4 of The Dungeons of Doom. On T:1331 you advanced to experience level 3. On T:1548 you reached level 5 of The Dungeons of Doom. On T:1569 you reached level 6 of The Dungeons of Doom. On T:1636 you reached level 7 of The Dungeons of Doom. On T:1645 you advanced to experience level 4. On T:1980 you advanced to experience level 5. On T:2353 you reached level 8 of The Dungeons of Doom. On T:2484 you reached level 4 of Sokoban. On T:2509 you opened a magic chest. On T:2510 you opened a magic chest. On T:2514 you opened a magic chest. On T:2516 you opened a magic chest. On T:2518 you opened a magic chest. On T:2569 you opened a magic chest. On T:2689 you opened a magic chest. On T:2702 you advanced to experience level 6. On T:2861 you opened a magic chest. On T:2861 you opened a magic chest. On T:2911 you opened a magic chest. On T:3063 you reached level 3 of Sokoban. On T:3672 you reached level 2 of Sokoban. On T:3732 you opened a magic chest. On T:4039 you advanced to experience level 7. On T:5010 you reached level 1 of Sokoban. On T:6189 you advanced to experience level 8. On T:6189 you entered the Sokoban zoo. Score breakdown: Gold: 1948 ( 194 points) Experience: 8 levels ( 700 points) Exploration: 8 levels ( 210 points) Discoveries: 8 items ( 400 points) Variety of kills: 54 monsters ( 2000 points) Major goal: finished Sokoban ( 1000 points) Survival: died (score multiplied by 3) Total score: 13512 Latest messages: You put a scroll labeled READ ME into the bag called holding. You put a scroll labeled NR 9 into the bag called holding. You put a cloudy potion into the bag called holding. You put a sky blue potion into the bag called holding. You put an agate ring into the bag called holding. You put an engagement ring into the bag called holding. You put a moonstone ring into the bag called holding. You put a sack named SOKOPRIZE into the bag called holding. The gray unicorn butts! The gray unicorn kicks! The gray unicorn butts! The gray unicorn kicks! You die... Final status: Goodbye roguehack the Rogue, killed by a gray unicorn... You died in Sokoban on dungeon level 6 with 13512 points, and 1948 pieces of gold, after 6666 moves. You were level 8 with a maximum of 47 hit points when you died.